 Dungeon Crawl Stone Soup version 0.30-a0-782-ge64f9170bb (webtiles) character file.

Game seed: 16596142912898945602

29 sanka the Shooter (level 2, 0/25 HPs)
             Began as a Demigod Hunter on Feb 23, 2023.
             Killed from afar by Sigmund (7 damage)
             ... with a puff of flame
             ... on level 2 of the Dungeon.
             The game lasted 00:00:50 (923 turns).

sanka the Shooter (Demigod Hunter)                   Turns: 923, Time: 00:00:51

Health: 0/25       AC:  3    Str: 12    XL:     2   Next: 81%
Magic:  4/4        EV: 12    Int: 11    God:
Gold:   62         SH:  0    Dex: 17    Spells: 1/1 levels left

rFire   . . .      SeeInvis .    a - +0 shortbow
rCold   . . .      Faith    .    (shield currently unavailable)
rNeg    . . .      Spirit   .    c - +0 leather armour
rPois   .          Reflect  .    (no helmet)
rElec   .          Harm     .    (no cloak)
rCorr   .          Rampage  .    (no gloves)
Will    .....                    (no boots)
Stlth   ++                       (no amulet)
HPRegen 0.24/turn                (no ring)
MPRegen 0.09/turn                (no ring)

@: no status effects
A: high MP 1, forlorn, divine attributes
a: no special abilities


You were on level 2 of the Dungeon.
You visited 1 branch of the dungeon, and saw 2 of its levels.

You collected 62 gold pieces.


Innate Abilities, Weirdness & Mutations

You have an increased reservoir of magic. (+10% MP)
You shall have no god before yourself.
Your divine heritage dramatically boosts your attributes as you level up.


   Skills:
 + Level 2.5 Fighting
 + Level 4.1 Ranged Weapons
 - Level 1.7 Dodging
 - Level 0.8 Stealth


You had one spell level left.
You didn't know any spells.
Your spell library was empty.

Inventory:

Hand Weapons
 a - a +0 shortbow (weapon)
Armour
 c - a +0 leather armour (worn)
Scrolls
 b - 2 scrolls of immolation {!r}
 d - a scroll of torment {unknown}
 e - a scroll of noise {unknown}
 f - a scroll of teleportation {unknown}
 g - a scroll of identify {unknown}
Potions
 h - a potion of curing {unknown}
 i - a potion of heal wounds {@q2}

Dungeon Overview and Level Annotations

Branches:
Dungeon (2/15)

Annotations:
D:2 1 runed translucent door, Crazy Yiuf, Sigmund

▒.▒ ▒.▒ ▒........
▒.▒ ▒.▒ ▒........
▒.▒ ▒.▒ ▒........
▒.▒ ▒.▒▒▒........
▒.▒ ▒............
▒.▒ ▒▒▒▒▒........
▒.▒ ▒▒▒▒▒▒▒▒▒ ▒.▒
▒p▒ ▒.▒▒▒▒▒▒▒ ▒▒
▒.......▒▒ ▒▒▒..)
▒.▒......▒▒▒▒.+...
▒.▒▒......▒..▒▒...
▒.▒▒▒....▒.▒▒▒ ▒▒
▒@▒ ▒▒▒▒▒▒▒▒ ▒.▒
▒.▒


You could see Sigmund.


Message History

Sigmund gestures at you while chanting. The magic dart hits you!
* * * LOW HITPOINT WARNING * * *
You shoot an arrow.
The arrow hits Sigmund but does no damage.
Sigmund is moderately wounded.
Sigmund gestures at you while chanting. The puff of flame hits you.
* * * LOW HITPOINT WARNING * * *
Sigmund gestures at you while chanting.
You are confused.
It was a potion of heal wounds.
Sigmund points at you and mumbles some strange words.
The puff of flame hits you!
Sigmund zaps a wand.
The puff of flame misses you.
You bump into the rock wall.
Sigmund zaps a wand.
The puff of flame misses you.
You're too confused to move!
You bump into the rock wall.
You feel less confused.
Sigmund zaps a wand.
The puff of flame hits you!
* * * LOW HITPOINT WARNING * * *
You shoot an arrow. The arrow closely misses Sigmund.
Sigmund zaps a wand.
The puff of flame hits you!
You die...

Action                     || total
---------------------------++-------
   Fire: Shortbow          ||    58
    Use: Potion            ||     1
 Armour: Leather armour    ||    21
  Dodge: Dodged            ||    34

Levels and vault maps discovered:
D:1:      dreamdust_arrival_beginning_and_end, layout_basic
D:2:      layout_basic, basic_altar, hellmonk_ecumenical_altar_defaced_shrine,
          uniq_crazy_yiuf_cottage, uniq_sigmund

Notes
Turn   | Place    | Note
-------+----------+-------------------------------------------
     0 | D:1      | sanka the Demigod Hunter began the quest for the Orb.
     0 | D:1      | Reached XP level 1. HP: 17/17 MP: 3/3
   157 | D:1      | Reached skill level 2 in Fighting
   431 | D:1      | Reached XP level 2. HP: 21/24 MP: 4/4
   581 | D:2      | Reached skill level 4 in Ranged Weapons
   895 | D:2      | Found a runed translucent door.
   896 | D:2      | Noticed Crazy Yiuf
   911 | D:2      | Noticed Sigmund
   923 | D:2      | Killed from afar by Sigmund

Vanquished Creatures
  3 dart slugs
  An orc (D:2)
  A ball python (D:1)
  3 endoplasms
  A giant cockroach (D:2)
  A goblin (D:1)
  A hobgoblin (D:2)
  2 quokkas (D:2)
  5 bats
  2 kobolds (D:2)
20 creatures vanquished.
